 Dungeon Crawl Stone Soup version 0.23-a0-143-g1adec7b (webtiles) character file.

37 galech the Skirmisher (level 3, -3/29 HPs)
             Began as a Demonspawn Monk on Sept 4, 2018.
             Slain by a gnoll
             ... wielding a +0 halberd
              (9 damage)
             ... on level 2 of the Dungeon.
             The game lasted 00:01:34 (1085 turns).

galech the Skirmisher (Demonspawn Monk)             Turns: 1085, Time: 00:01:35

Health: -3/29      AC:  9    Str: 11    XL:     3   Next: 23%
Magic:  0/3        EV:  5    Int: 11    God:
Gold:   29         SH:  0    Dex: 16    Spells: 2/2 levels left

rFire    . . .     SeeInvis .   h - +3 hand axe
rCold    . . .     Gourm    .   (no shield)
rNeg     . . .     Faith    .   i - +0 chain mail
rPois    .         Spirit   +   (no helmet)
rElec    .         Reflect  .   (no cloak)
rCorr    .         Harm     .   (no gloves)
MR       .....                  j - +0 pair of boots
Stlth    ..........             (no amulet)
HPRegen  0.09/turn              (no ring)
MPRegen  0.08/turn              (no ring)

@: no status effects
A: magic shield
a: no special abilities


You were on level 2 of the Dungeon.
You were not hungry.

You visited 1 branch of the dungeon, and saw 2 of its levels.

You collected 29 gold pieces.

Inventory:

Hand Weapons
 h - a +3 hand axe (weapon)
Armour
 i - a +0 chain mail (worn)
 j - a +0 pair of boots (worn)
Scrolls
 b - 2 scrolls of amnesia {unknown}
 d - a scroll of identify {unknown}
 e - a scroll of enchant weapon {unknown}
Potions
 f - a potion of might {unknown}
Comestibles
 a - a chunk of flesh
 c - a ration


   Skills:
 + Level 3.5 Fighting
 + Level 3.1 Axes
 + Level 0.2 Armour
 + Level 3.0 Dodging
 + Level 1.9 Stealth


You had 2 spell levels left.
You didn't know any spells.
Your spell library was empty.

Dungeon Overview and Level Annotations

Branches:
Dungeon (2/15)

Altars:
Gozag


Innate Abilities, Weirdness & Mutations

When hurt, damage is shared between your health and your magic reserves.


Message History

You see here a stone.
The gnoll throws a throwing net.
The throwing net hits you.
You become entangled in the net!
You see here a throwing net.
You struggle against the net.
You struggle against the net.
The goblin shoots a stone.
The stone hits you but does no damage.
You struggle against the net.
The gnoll hits you but does no damage.
You shred the net and break free! The gnoll hits you with a halberd.
You see here a stone.
You closely miss the gnoll. The gnoll hits you with a halberd.
Your chain mail prevents you from hitting the gnoll.
The gnoll hits you but does no damage.
You hit the gnoll but do no damage. The gnoll hits you with a halberd.
Your chain mail prevents you from hitting the gnoll.
The gnoll hits you with a halberd!
* * * LOW HITPOINT WARNING * * *
You hit the gnoll but do no damage. The gnoll hits you with a halberd!
You die...

# #.####### #...@gg.#
##########.)#
..#.######..########
#.#.........#....>.#
#.#.######..#^####.#
#.#.#######.#.# #.#
#.#...........# #.#
#########.#########.######.#
.............g.g.).........#


You could see a gnoll and a goblin.

Vanquished Creatures
  2 gnolls
  3 giant cockroaches (D:1)
  A goblin (D:1)
  2 hobgoblins (D:1)
  3 kobolds (D:1)
  A quokka (D:2)
  3 bats
  4 rats
19 creatures vanquished.

Notes
Turn   | Place    | Note
-------+----------+-------------------------------------------
     0 | D:1      | galech the Demonspawn Monk began the quest for the Orb.
     0 | D:1      | Reached XP level 1. HP: 18/18 MP: 1/1
   370 | D:1      | Gained mutation: When hurt, damage is shared between your
                  | health and your magic reserves. [demonic ancestry]
   370 | D:1      | Reached XP level 2. HP: 24/24 MP: 2/2
   820 | D:2      | Found an opulent altar of Gozag.
  1072 | D:2      | Reached XP level 3. HP: 29/29 MP: 3/3
  1085 | D:2      | Slain by a gnoll

Vault maps used:
D:1:      dpeg_arrival_arbitrary_b, kennysheep_crisscross
D:2:      grunt_gozag_breadcrumbs, serial_curves, eino_curves_02,
          eino_curves_03, trog_hazing_becter

Skill      XL: |  1  2 |
---------------+-------+-----
Axes           | 3 |  3.1
Dodging        | 3 |  3.0
Fighting       | |  3.5
Armour         | |  0.2
Stealth        | |  1.9

Action                   || total
-------------------------++-------
Melee: Hand axe          ||    71
 Stab: Sleeping          ||     1
  Eat: Chunk             ||     1
Armor: Ring mail         ||     7
       Chain mail        ||    45
Dodge: Dodged            ||    30

Table legend:
 A = Non-vault XP
 B = Vault XP
 C = Vault XP percentage of total XP
 D = Non-vault monster count
 E = Vault monster count
 F = Vault count percentage of total count
                 A         B        C        D         E       F
            +---------+---------+-------+---------+---------+-------
      Total |      54 |       0 |   0.0 |      19 |       0 |   0.0
            +---------+---------+-------+---------+---------+-------
        D:1 |      36 |       0 |   0.0 |      15 |       0 |   0.0
        D:2 |      18 |       0 |   0.0 |       4 |       0 |   0.0
            +---------+---------+-------+---------+---------+-------
